 Dungeon Crawl Stone Soup version 0.30-a0-137-gd8773701ce (webtiles) character file.

Game seed: 16908481799112632196

477 hawla the Conjurer (level 6, -4/40 HPs)
             Began as a Draconian Conjurer on Sept 22, 2022.
             Slain by a hornet (10 damage)
             ... on level 5 of the Dungeon.
             The game lasted 00:15:44 (5606 turns).

hawla the Conjurer (Draconian Conjurer)             Turns: 5606, Time: 00:15:45

Health: -4/40      AC: 11    Str:  9    XL:     6   Next: 85%
Magic:  1/9        EV: 12    Int: 25    God:
Gold:   173        SH:  0    Dex: 13    Spells: 2/9 levels left

rFire   . . .      SeeInvis .    (no weapon)
rCold   . . .      Faith    .    (no shield)
rNeg    . . .      Spirit   .    (body armour unavailable)
rPois   +          Reflect  .    b - +5 hat of Mysticism {rElec Int+4 Dex+4 Stlth-}
rElec   +          Harm     .    (no cloak)
rCorr   .          Rampage  .    (no gloves)
Will    .....                    (no boots)
Stlth   +.........               (no amulet)
HPRegen 0.13/turn                n - ring of poison resistance
MPRegen 0.11/turn                (no ring)

@: hasted, unable to read, very quick
A: AC +6, unfitting armour, cold-blooded, horns 1, frail 1, inability to read
after injury 1
a: no special abilities


You were on level 5 of the Dungeon.
You visited 1 branch of the dungeon, and saw 5 of its levels.

You collected 173 gold pieces.

Inventory:

Missiles
 f - 3 poisoned darts
Armour
 b - the +5 hat of Mysticism (worn) {rElec Int+4 Dex+4 Stlth-}
   (You acquired it on level 3 of the Dungeon)

   Int:       It affects your intelligence (+4).
   Dex:       It affects your dexterity (+4).
   rElec:     It insulates you from electricity.
   Stlth:     It makes you less stealthy.
Jewellery
 l - a ring of willpower
 n - a ring of poison resistance (left hand)
Scrolls
 c - 3 scrolls of teleportation
 e - a scroll of magic mapping
 h - 2 scrolls of blinking
 j - a scroll of fog
 k - a scroll of amnesia
Potions
 i - a potion of attraction
 s - a potion of ambrosia
 u - a potion of resistance


   Skills:
 - Level 2.3 Dodging
 - Level 1.9 Stealth
 - Level 2.3 Spellcasting
 * Level 7.5 Conjurations
 * Level 2.2 Translocations


You had 2 spell levels left.
You knew the following spells:

 Your Spells              Type           Power      Damage    Failure   Level
a - Magic Dart            Conj           100%       1d8       1%          1
b - Searing Ray           Conj           80%        2d7       1%          2
c - Iskenderun's Mystic   Conj/Tloc      27%        2d7       14%         4

Your spell library contained the following spells:

 Spells                   Type           Power      Damage    Failure   Level
 Foxfire                  Conj/Fire      84%        2x1d8     2%          1
 Dazzling Flash           Conj/Hex       42%        N/A       7%          3
 Fulminant Prism          Conj/Hex       10%        3d9       22%         4
 Frozen Ramparts          Ice            4%         1d1       32%         3
 Ozocubu's Armour         Ice            2%         N/A       32%         3
 Ice Form                 Ice/Tmut       2%         N/A       73%         4
 Summon Ice Beast         Ice/Summ       2%         N/A       73%         4
 Ozocubu's Refrigeration  Ice            1%         4d7       100%        7


Dungeon Overview and Level Annotations

Branches:
Dungeon (5/15)
 Temple: D:4-7

Altars:
Fedhas
Gozag
Ru


Innate Abilities, Weirdness & Mutations

Your plain brown scales are hard. (AC +6)
You cannot fit into any form of body armour.
You are cold-blooded and may be slowed by cold attacks.
You have a pair of small horns on your head.
You are frail. (-10% HP)
You occasionally lose the ability to read scrolls when taking damage.


Message History

Aiming: Magic Dart (safe; 1% risk of failure)
Press: ? - help, Shift-Dir - straight line, f/p - hornet
Aim: a hornet (moderately wounded, 100% to hit)
The magic dart hits the hornet.
The hornet is moderately wounded.
The hornet stings you!
You feel threatened and lose the ability to read scrolls!
* * * LOW HITPOINT WARNING * * *
The hornet stings you but does no damage.
The iguana bites you but does no damage. x2
It was a potion of cancellation.
Your magical effects are unravelling.
You feel magically purged.
Your magical contamination has completely faded away.
You feel less wooden.
The +5 hat of Mysticism {rElec Int+4 Dex+4 Stlth-} unmelds from your body.
The hornet stings you!
* * * LOW HITPOINT WARNING * * *
You feel yourself slow down. The iguana barely misses you.
The iguana closely misses you.
You feel less attractive to monsters.
You cannot read scrolls in your current state!
You feel much better.
You feel yourself speed up.
The hornet stings you but does no damage. x2
The iguana barely misses you.
The iguana bites you but does no damage.
The hornet barely misses you. The iguana attacks as you move away!
The iguana closely misses you. x2
The hornet stings you but does no damage.
The hornet stings you but does no damage.
The hornet attacks as you move away! The hornet stings you!
The hornet closely misses you. The hornet stings you.
The hornet stings you but does no damage.
You can read scrolls again.
The hornet stings you!
You feel threatened and lose the ability to read scrolls!
* * * LOW HITPOINT WARNING * * *
You feel yourself speed up. The hornet stings you!
You die...

..#)..###.# 8.
.......>#.# #.
.......#.# 8
#..####...#.#.# #
..............# #
.#.#.##.......# ####
#.......# #...
##.#.######l......###.##
.......@..#.##.........#
##.##.##y##.###.##.##..#
# #.ll...#.##.##..#
####.#.#.##.##..#
#.#.#.##...(.# #.#
#.##..#.## #####.##..#.#
#........#.#
#..###.###.#.#


You could see a hornet and 2 iguanas.

Vanquished Creatures
  A water moccasin (D:5)
  An ogre (D:4)
  A hound (D:4)
  An orc wizard (D:2)
  An iguana (D:4)
  4 gnolls (D:3)
  5 adders
  A shadow imp (D:5)
  3 worms
  4 dart slugs
  6 orcs
  8 ball pythons
  3 bats
  12 endoplasms
  4 giant cockroaches
  10 goblins
  10 hobgoblins
  4 jackals
  6 quokkas
  4 frilled lizards
  6 kobolds
  7 rats
102 creatures vanquished.

Vanquished Creatures (others)
  A fungus (D:1)
  A plant (D:1)
2 creatures vanquished.

Grand Total: 104 creatures vanquished

Notes
Turn   | Place    | Note
-------+----------+-------------------------------------------
     0 | D:1      | hawla the Draconian Conjurer began the quest for the Orb.
     0 | D:1      | Reached XP level 1. HP: 14/14 MP: 3/3
   105 | D:1      | Found a faded altar of an unknown god.
   490 | D:1      | Reached XP level 2. HP: 20/20 MP: 1/5
   493 | D:1      | Learned a level 2 spell: Searing Ray
  1124 | D:1      | Reached XP level 3. HP: 26/26 MP: 1/6
  1217 | D:1      | Got Plato's Spellbook of the Coals
  1829 | D:2      | Reached skill level 5 in Conjurations
  2218 | D:2      | Reached XP level 4. HP: 33/33 MP: 0/7
  2324 | D:2      | Learned a level 4 spell: Iskenderun's Mystic Blast
  3297 | D:2      | Gained mutation: You are frail. (-10% HP) [potion of
                  | mutation]
  3297 | D:2      | Gained mutation: You have a pair of small horns on your
                  | head. [potion of mutation]
  3297 | D:2      | Gained mutation: You occasionally lose the ability to read
                  | scrolls when taking damage. [potion of mutation]
  3606 | D:3      | Reached XP level 5. HP: 34/34 MP: 4/8
  3613 | D:3      | Reached skill level 1 in Translocations
  3701 | D:3      | Identified a scroll of acquirement
  3703 | D:3      | Acquired the +5 hat of Mysticism {rElec Int+4 Dex+4 Stlth-}
  3800 | D:3      | Identified the +5 dagger "Xeolev" {spect, rCorr Str+3
                  | Int-3}
  4153 | D:3      | Reached skill level 6 in Conjurations
  4270 | D:3      | Found a blossoming altar of Fedhas.
  4703 | D:4      | Found an opulent altar of Gozag.
  4811 | D:4      | Reached XP level 6. HP: 40/40 MP: 2/9
  5047 | D:4      | Reached skill level 7 in Conjurations
  5351 | D:5      | Entered Level 5 of the Dungeon
  5442 | D:5      | Noticed a water moccasin
  5450 | D:5      | Killed a water moccasin
  5547 | D:5      | Found a sacrificial altar of Ru.
  5582 | D:5      | Noticed a hornet
  5594 | D:5      | HP: 1/40 [hornet (11)]
  5606 | D:5      | Slain by a hornet

Illustrated notes

Levels and vault maps discovered:
D:1:      wander_arrival_estate, layout_basic,
          shapermc_ecumenical_altar_rom_forum, chequers_serial_rivers_micro_e
D:2:      cheibrodos_helix_gallery, layout_loops_ring
D:3:      layout_loops_ring, fedhas_altar_4
D:4:      layout_cave_pools, grunt_gozag_statues, serial_park,
          serial_park_avenue1
D:5:      layout_basic, mainiacjoe_overflow_boulevard,
          nicolae_overflow_hidden_temple, minmay_misc_feat_hallway,
          grunt_decor_clamped, uniq_blork_the_orc

Skill      XL: |  1  2  3  4  5  6 |
---------------+-------------------+-----
Dodging        | 2 |  2.3
Conjurations   | 5 6 7 |  7.5
Translocations | 1 2 |  2.2
Stealth        | |  1.9
Spellcasting   | |  2.3

Action                   |  1- 3 |  4- 6 || total
-------------------------+-------+-------++-------
Melee: Unarmed           |    34 |    34 ||    68
       Tailslap          |     2 |     6 ||     8
       Punch             |     1 |       ||     1
       Headbutt          |       |     4 ||     4
 Cast: Magic Dart        |    58 |    36 ||    94
       Searing Ray       |    13 |    39 ||    52
       Iskenderun's Myst |       |     3 ||     3
  Use: Potion            |     1 |    11 ||    12
       Scroll            |     1 |    15 ||    16
Armor: Skin              |    14 |    50 ||    64
Dodge: Dodged            |    17 |    56 ||    73

Table legend: (Time is in decaauts)
 A = Elapsed time spent in this place.
 B = Non-inter-level travel time spent in this place.
 C = Inter-level travel time spent in this place.
 D = Time resting spent in this place.
 E = Time spent auto-exploring this place.
 F = Levels seen in this place.
 G = Mean time per level.
                   A        B        C        D        E       F      G
               +--------+--------+--------+--------+--------+-----+--------+
         Total |   5609 |   5449 |    160 |     95 |   4694 |   5 | 1121.8 |
       Dungeon |   5609 |   5449 |    160 |     95 |   4694 |   5 | 1121.8 |
               +--------+--------+--------+--------+--------+-----+--------+

Top non-repeatable levels by time:
     D:1: 1827 daAuts
     D:2: 1501 daAuts
     D:3: 1181 daAuts
     D:4: 842 daAuts
     D:5: 256 daAuts
